 Dungeon Crawl Stone Soup version 0.23.2-33-g5129a83184 (webtiles) character file.

Game seed: 4315480407558257931

216 kudosu the Poker (level 5, 0/42 HPs)
             Began as a Demonspawn Berserker on June 18, 2019.
             Was a Believer of Trog.
             Succumbed to a worker ant's poison
             ... on level 4 of the Dungeon on July 10, 2019.
             The game lasted 00:14:54 (3195 turns).

kudosu the Poker (Demonspawn Berserker)             Turns: 3195, Time: 00:14:55

Health: 0/42       AC:  7    Str: 17    XL:     5   Next: 61%
Magic:  5/5        EV: 10    Int:  9    God:    Trog [**....]
Gold:   219        SH:  0    Dex: 13    Spells: 4/4 levels left

rFire    . . .     SeeInvis .   a - +0 spear
rCold    . . .     Gourm    .   (no shield)
rNeg     . . .     Faith    .   m - +0 scale mail
rPois    .         Spirit   .   (helmet restricted)
rElec    .         Reflect  .   (no cloak)
rCorr    .         Harm     .   (no gloves)
MR       .....                  q - +0 pair of boots
Stlth    ..........             (no amulet)
HPRegen  0.14/turn              (no ring)
MPRegen  0.09/turn              (no ring)

@: lethally poisoned (0 -> -4), flying
A: antennae 1, demonic guardian 1
a: Berserk, Trog's Hand, Renounce Religion


You were on level 4 of the Dungeon.
You worshipped Trog.
Trog was pleased with you.
You were not hungry.

You visited 1 branch of the dungeon, and saw 4 of its levels.

You collected 219 gold pieces.

Inventory:

Hand Weapons
 a - a +0 spear (weapon)
 j - a +0 spear
 s - a +0 spear
Armour
 b - a +0 animal skin
 m - a +0 scale mail (worn)
 q - a +0 pair of boots (worn)
 y - a +0 pair of gloves
Jewellery
 u - a +1 ring of protection
 z - an uncursed amulet of harm {unknown}
Scrolls
 d - 2 scrolls of enchant weapon {unknown}
 f - a scroll of fear {unknown}
 g - a scroll of identify
 h - a scroll of noise {unknown}
 o - a scroll of fog {unknown}
 x - a scroll of magic mapping {unknown}
Potions
 e - 2 potions of brilliance
 i - a potion of cancellation {unknown}
 k - a potion of resistance {unknown}
 l - 2 potions of mutation {unknown}
 n - a potion of invisibility {unknown}
 p - 2 potions of flight
 r - 2 potions of magic {unknown}
 t - 2 potions of ambrosia {unknown}
 v - 2 potions of curing {unknown}
 w - 2 potions of heal wounds {unknown}
Comestibles
 c - 10 rations


   Skills:
 + Level 4.1 Fighting
 + Level 4.5 Polearms
 + Level 2.5 Armour
 + Level 2.2 Dodging
 + Level 0.5 Stealth


You had 4 spell levels left.
You didn't know any spells.
Your spell library was empty.

Dungeon Overview and Level Annotations

Branches:
Dungeon (4/15)             Temple (0/1) D:4

Altars:
Okawaru


Innate Abilities, Weirdness & Mutations

You have a pair of small antennae on your head.
A weak demonic guardian rushes to your aid.


Message History

* * * LOW HITPOINT WARNING * * *
You feel sick.
* * * LOW HITPOINT WARNING * * *
You feel sick.
* * * LOW HITPOINT WARNING * * *
You feel sick.
* * * LOW HITPOINT WARNING * * *
You feel sick.
* * * LOW HITPOINT WARNING * * *
You feel sick.
* * * LOW HITPOINT WARNING * * *
You feel sick.
It was a potion of flight.
You feel very buoyant.
You fly up into the air.
* * * LOW HITPOINT WARNING * * *
You feel sick.
* * * LOW HITPOINT WARNING * * *
You feel sick.
You die...

#.# ### #.# #.. #.#
#.# ### #.# #.# #.. ##
#######.###.########..
../
......................
..
#######.###..#########
.###.#############.#
#..#
................@..#
#..#
.###.###############
#..# .. ...# #. .##.#
# . ...


There were no monsters in sight!

Vanquished Creatures
  A centaur skeleton (D:4)
  A worker ant (D:4)
  A hound skeleton (D:3)
  8 adders
  3 oozes
  An adder skeleton (D:4)
  2 worms (D:2)
  2 dart slugs (D:2)
  3 leopard geckos
  4 bats
  3 giant cockroaches
  6 goblins
  4 hobgoblins
  A quokka (D:2)
  3 frilled lizards
  7 kobolds
  A quokka skeleton (D:4)
  8 rats
59 creatures vanquished.

Notes
Turn   | Place    | Note
-------+----------+-------------------------------------------
     0 | D:1      | kudosu the Demonspawn Berserker began the quest for the
                  | Orb.
     0 | D:1      | Reached XP level 1. HP: 18/18 MP: 1/1
    18 | D:1      | Found an iron altar of Okawaru.
   645 | D:1      | Gained mutation: You have a pair of small antennae on your
                  | head. [demonic ancestry]
   645 | D:1      | Reached XP level 2. HP: 18/24 MP: 2/2
  1286 | D:2      | Reached XP level 3. HP: 25/29 MP: 3/3
  1492 | D:2      | Reached ** piety under Trog
  1857 | D:3      | Reached XP level 4. HP: 34/37 MP: 4/4
  2427 | D:3      | Upgraded the game from 0.23.2-30-g0e89c35649 to
                  | 0.23.2-33-g5129a83184
  2510 | D:3      | Gained mutation: A weak demonic guardian rushes to your
                  | aid. [demonic ancestry]
  2510 | D:3      | Reached XP level 5. HP: 39/42 MP: 5/5
  2877 | D:4      | Found a staircase to the Ecumenical Temple.
  3190 | D:4      | HP: 2/42 [poisoned by a worker ant]
  3195 | D:4      | Succumbed to a worker ant's poison

Skill      XL: |  1  2  3  4  5 |
---------------+----------------+-----
Polearms       | 3 4 |  4.5
Dodging        | 2 |  2.2
Armour         | 2 |  2.5
Fighting       | 4 |  4.1
Stealth        | |  0.5

Action                   |  1- 3 |  4- 6 || total
-------------------------+-------+-------++-------
Melee: Spear             |   139 |   173 ||   312
  Use: Scroll            |     1 |       ||     1
       Potion            |       |     1 ||     1
  Eat: Ration            |     1 |     1 ||     2
       Chunk             |       |     1 ||     1
Armor: Animal skin       |     3 |       ||     3
       Scale mail        |    34 |    58 ||    92
Dodge: Dodged            |    48 |    74 ||   122
